 Dungeon Crawl Stone Soup version 0.31-a0-198-g2ad674f65e (webtiles) character file.

Game seed: 16196665610697669323

64 qw the Shooter (level 3, -9/20 HPs)
             Began as a Deep Elf Hunter on June 25, 2023.
             Mangled by Sigmund
             ... wielding a +6 scythe of venom
              (13 damage)
             ... on level 2 of the Dungeon.
             The game lasted 00:00:25 (1118 turns).

qw the Shooter (Deep Elf Hunter)                    Turns: 1118, Time: 00:00:26

Health: -9/20      AC:  6    Str: 10    XL:     3   Next: 91%
Magic:  5/5        EV: 11    Int: 13    God:
Gold:   88         SH:  0    Dex: 18    Spells: 2/2 levels left

rFire   . . .        Y - +0 shortbow
rCold   . . .        (shield currently unavailable)
rNeg    . . .        h - +0 ring mail
rPois   .            (no helmet)
rElec   .            (no cloak)
rCorr   .            (no gloves)
SInv    +            j - +0 pair of boots
Will    .....        (no amulet)
Stlth   +            i - ring of see invisible
HPRegen 0.23/turn    (no ring)
MPRegen 0.09/turn

%: no passive effects
@: lethally poisoned (-9 -> -15)
A: no striking features
a: no special abilities


You were on level 2 of the Dungeon.
You visited 1 branch of the dungeon, and saw 2 of its levels.

You collected 88 gold pieces.


   Skills:
 - Level 1.5 Fighting
 + Level 7.3 Ranged Weapons
 - Level 2.4 Dodging
 - Level 1.2 Stealth


You had 2 spell levels left.
You didn't know any spells.
Your spell library was empty.

Inventory:

Hand Weapons
 Y - a +0 shortbow (weapon)
Armour
 b - a +0 helmet
 h - a +0 ring mail (worn)
 j - a +0 pair of boots (worn)
Jewellery
 e - a ring of willpower
 i - a ring of see invisible (left hand)
Scrolls
 g - a scroll of identify {unknown}
Potions
 a - a potion of magic {unknown}
 c - a potion of brilliance {unknown}
 d - a potion of attraction {unknown}
 f - 2 potions of heal wounds

Dungeon Overview and Level Annotations

Branches:
Dungeon (2/15)

Altars:
Kikubaaqudgha

Annotations:
D:2 Sigmund


Message History

Sigmund shouts!
Sigmund mumbles some strange words.
Sigmund flickers and vanishes for a moment.
Enter note:
Enter note:
Enter note: You shoot an arrow.
The arrow closely misses Sigmund.
You shoot an arrow. The arrow hits Sigmund.
Sigmund is lightly wounded.
Sigmund laughs darkly.
Sigmund closely misses you.
You shoot an arrow. The arrow barely misses Sigmund.
Sigmund barely misses you.
You shoot an arrow. The arrow completely misses Sigmund.
You shoot an arrow. The arrow closely misses Sigmund.
Sigmund hits you from afar with a +6 scythe of venom.
You are poisoned.
You shoot an arrow. The arrow barely misses Sigmund.
You feel very sick.
Sigmund says, "Look into my eyes."
Sigmund hits you but does no damage.
You are lethally poisoned!
You shoot an arrow. The arrow hits Sigmund!
Sigmund is heavily wounded.
You feel very sick. Sigmund barely misses you.
Enter note:
Enter note:
Enter note:
1116 ||| UPGRADING to +0 helmet.
Keep equipping yourself?
You feel sick.
You start putting on your armour.
You continue putting on your +0 helmet.
You feel very sick. Sigmund hits you but does no damage.
You continue putting on your +0 helmet.
You feel sick.
Sigmund hits you from afar with a +6 scythe of venom!
Ouch! That really hurt!
You die...

..........###.(......
...............%...####
.......................
.......................
###########........####
# #.............#.# #
#)########....%.#
#######.#......#.#....#
#.......#.####.#@######
#.#######.#....#..@.....
#.# #.#.############ #.#
#.#............ #.#
#.#....######## #.#
#.#....# #.# #.#....#
#.#######.#....#
#.........#....########


You could see Sigmund (invisible).

Vanquished Creatures
  Robin (D:2)
  An adder (D:2)
  A worm (D:2)
  3 bats (D:1)
  2 endoplasms (D:1)
  11 goblins
  6 hobgoblins
  2 kobolds (D:1)
  2 quokkas (D:1)
  2 ball pythons
  2 frilled lizards (D:2)
  4 rats
37 creatures vanquished.

Notes
Turn   | Place    | Note
-------+----------+-------------------------------------------
     0 | D:1      | qw the Deep Elf Hunter began the quest for the Orb.
     0 | D:1      | Reached XP level 1. HP: 12/12 MP: 3/3
     0 | D:1      | 0 ||| qw: Version: 0.3-a-22-g0ed2b0b
     0 | D:1      | 0 ||| qw: Game counter: 5036
     0 | D:1      | 0 ||| qw: Melee chars always use a shield: true
     0 | D:1      | 0 ||| qw: God list: Okawaru
     0 | D:1      | 0 ||| qw: Allow faded altars: false
     0 | D:1      | 0 ||| qw: Do Orc after clearing Dungeon:15 true
     0 | D:1      | 0 ||| qw: Do second Lair branch before Depths: true
     0 | D:1      | 0 ||| qw: Lair rune preference: random
     0 | D:1      | 0 ||| qw: Goals: Normal
     0 | D:1      | 0 ||| PLANNING D:1-11
    47 | D:1      | Found a faded altar of an unknown god.
   145 | D:1      | Reached skill level 6 in Ranged Weapons
   145 | D:1      | Reached XP level 2. HP: 16/16 MP: 4/4
   579 | D:1      | 579 ||| UPGRADING to +0 ring mail.
   589 | D:1      | 589 ||| DROPPING +0 leather armour.
   590 | D:1      | 590 ||| UPGRADING to +0 pair of boots.
   595 | D:1      | 595 ||| UPGRADING to ring of see invisible.
   596 | D:1      | 596 ||| READING scroll labelled REHOHYRI UGHUPN.
   597 | D:1      | 597 ||| READING scroll labelled YSUMEV RAELL.
   698 | D:1      | 698 ||| DRINKING 3 sapphire potions.
   699 | D:1      | 699 ||| DROPPING scroll of butterflies.
   829 | D:2      | Reached XP level 3. HP: 20/20 MP: 5/5
   886 | D:2      | Noticed Robin
   897 | D:2      | Killed Robin
   898 | D:2      | Reached skill level 7 in Ranged Weapons
   972 | D:2      | Found an ancient bone altar of Kikubaaqudgha.
  1108 | D:2      | Noticed Sigmund
  1116 | D:2      | 1116 ||| UPGRADING to +0 helmet.
  1117 | D:2      | HP: 4/20 [poisoned by Sigmund]
  1118 | D:2      | Mangled by Sigmund

Levels and vault maps discovered:
D:1:      scummos_arrival_simple_fountains, layout_loops_cross,
          basic_ecumenical_altar, dk_noncrumbling_4, minmay_tiny_reverse_x
D:2:      layout_basic, basic_altar, uniq_sigmund, uniq_robin

Skill      XL: |  1  2  3 |
---------------+----------+-----
Ranged Weapons | 6 7 |  7.3
Fighting       | |  1.5
Dodging        | |  2.4
Stealth        | |  1.2

Action                     || total
---------------------------++-------
   Fire: Shortbow          ||    93
    Use: Scroll            ||     2
         Potion            ||     1
 Armour: Leather armour    ||     3
         Ring mail         ||     8
  Dodge: Dodged            ||    21

Table legend:
 A = Non-vault XP
 B = Vault XP
 C = Vault XP percentage of total XP
 D = Non-vault monster count
 E = Vault monster count
 F = Vault count percentage of total count
                 A         B        C        D         E       F
            +---------+---------+-------+---------+---------+-------
      Total |      53 |      39 |  42.4 |      23 |      14 |  37.8
            +---------+---------+-------+---------+---------+-------
        D:1 |      28 |       3 |   9.7 |      15 |       2 |  11.8
        D:2 |      25 |      36 |  59.0 |       8 |      12 |  60.0
            +---------+---------+-------+---------+---------+-------
